[Event "Titled Tuesday Blitz January 03 Late 2023"]
[White "Baskakov, Egor"]
[Black "Khripachenko, Alexander"]
[WhiteFideId "24197866"]
[BlackFideId "54184975"]
[WhiteElo "2215"]
[BlackElo "2110"]
[Result "0-1"]
[Round "03"]
[TimeControl "180+2"]
[Date "2023.01.03"]
[WhiteClock "0:00:05"]
[BlackClock "0:00:09"]

1. e4 e5 2. Nc3 Nf6 3. g3 Bc5 4. Bg2 d6 5. h3 a5 6. Nge2 Nc6 7. O-O O-O 8. d3 Nd4 9. Kh2 Nxe2 10. Qxe2 c6 11. f4 Nd7 12. f5 f6 13. g4 b5 14. a3 Ba6 15. h4 b4 16. Nd1 bxa3 17. b3 a4 18. bxa4 Qa5 19. Bxa3 Qxa4 20. Bb2 Qb4 21. Bc3 Qb6 22. Rc1 Bb5 23. g5 Ra2 24. Bd2 Ba6 25. Bh3 Ba3 26. Ne3 Bxc1 27. Rxc1 Qd4 28. Qg2 Bxd3 29. cxd3 Qxd3 30. Nf1 Nc5 31. Re1 Nb3 32. Re3 Qxe3 33. Bxe3 Rxg2+ 34. Bxg2 Ra8 35. Ng3 Ra2 36. Kh3 Kf7 37. Bf1 Nd2 38. Be2 d5 39. exd5 cxd5 40. Bb5 d4 41. Bxd2 Rxd2 42. Ne4 Rb2 43. Bc4+ Ke7 44. Kg4 Rb4 45. Bd3 Rb3 46. Nf2 Rb2 47. Ne4 Rb8 48. h5 h6 49. g6 Rb2 50. Kf3 Rh2 51. Ng3 Rh4 52. Be4 Rf4+ 53. Ke2 Kd6 54. Kd3 Rg4 55. Ne2 Kc5 56. Nc1 Rg3+ 57. Ke2 Kc4 58. Bd3+ Kc3 59. Na2+ Kb3 60. Nc1+ Kb2 61. Kd2 Rg2+ 62. Ne2 Rh2 63. Be4 Rxh5 64. Kd3 Rh3+ 65. Kc4 Re3 66. Bd3 e4 67. Nxd4 exd3 68. Nb3 Re5 69. Nd4 d2 0-1


[Site "https://www.chess.com"]

[Event "Titled Tuesday Blitz January 03 Late 2023"]
[White "Pichot, Alan"]
[Black "Levitskiy, Andrey"]
[WhiteFideId "110973"]
[BlackFideId "14132885"]
[WhiteElo "2638"]
[BlackElo "2304"]
[Result "1/2-1/2"]
[Round "03"]
[TimeControl "180+2"]
[Date "2023.01.03"]
[WhiteClock "0:00:03"]
[BlackClock "0:00:04"]

1. b3 d5 2. Bb2 Bg4 3. Nf3 Nd7 4. e3 e6 5. Be2 Ngf6 6. O-O Bd6 7. c4 c6 8. h3 Bh5 9. d4 Qe7 10. Nbd2 O-O 11. Qc2 Rfe8 12. e4 dxe4 13. Nxe4 Nxe4 14. Qxe4 Bg6 15. Qe3 e5 16. c5 Bc7 17. Rfe1 e4 18. Nd2 Nf6 19. Qg5 h6 20. Qh4 Ba5 21. Nc4 Bxe1 22. Rxe1 Nd5 23. Qg3 e3 24. Nd6 exf2+ 25. Qxf2 Rf8 26. Bf3 Qd7 27. Bg4 Qc7 28. a3 Rad8 29. Qg3 b6 30. b4 a5 31. h4 axb4 32. h5 Bh7 33. Bf3 bxa3 34. Bxa3 bxc5 35. Bxc5 Qa5 36. Re5 Kh8 37. Kh2 Qd2 38. Nc4 Qf4 39. Bxf8 Qxg3+ 40. Kxg3 Rxf8 41. Nd6 f6 42. Re1 Bg8 43. Rc1 Rb8 44. Rxc6 Ne3 45. Rc7 Rd8 46. Nb5 Nf5+ 47. Kf4 Nxd4 48. Nxd4 Rxd4+ 49. Ke3 Rd8 50. Kf4 Re8 51. Rd7 Rf8 52. Rc7 Re8 53. Be4 Rf8 54. Bg6 Be6 55. Re7 Bg8 56. g4 Bh7 57. Kf5 Bxg6+ 58. Kxg6 Rg8 59. Rd7 Re8 60. Rxg7 Re4 61. Kxh6 Rf4 62. Rg6 Re4 63. Rg7 Rf4 64. Rh7+ Kg8 65. Rg7+ Kh8 1/2-1/2


[Site "https://www.chess.com"]

[Event "Titled Tuesday Blitz January 03 Late 2023"]
[White "Fiorito, Francisco"]
[Black "Indjic, Aleksandar"]
[WhiteFideId "180165"]
[BlackFideId "911925"]
[WhiteElo "2305"]
[BlackElo "2618"]
[Result "0-1"]
[Round "03"]
[TimeControl "180+2"]
[Date "2023.01.03"]
[WhiteClock "0:00:12"]
[BlackClock "0:00:45"]

1. e4 c5 2. d3 Nc6 3. g3 g6 4. Bg2 Bg7 5. f4 d6 6. Nf3 e6 7. O-O Nge7 8. c3 d5 9. e5 h5 10. Be3 b6 11. d4 Nf5 12. Bf2 Bf8 13. Re1 a5 14. h3 Be7 15. Nbd2 Ba6 16. Nb3 a4 17. Nbd2 Bd3 18. dxc5 Bxc5 19. Bxc5 bxc5 20. Kh2 Kf8 21. Nb3 axb3 22. Qxd3 c4 23. Qb1 bxa2 24. Rxa2 Kg7 25. Ng5 Qb6 26. Rxa8 Rxa8 27. Re2 Rb8 28. Qc1 h4 29. g4 Ng3 30. Rc2 d4 31. cxd4 Nxd4 32. Rxc4 Nde2 33. Qa1 Qf2 34. Rc7 Kg8 35. Rxf7 Nxf4 36. Qg1 Rxb2 37. Rxf4 Qxf4 38. Nxe6 Qxe5 39. Qd4 Nf1+ 40. Kg1 Qh2+ 41. Kxf1 Qxg2+ 42. Ke1 Qe2# 0-1


[Site "https://www.chess.com"]

[Event "Titled Tuesday Blitz January 03 Late 2023"]
[White "Girel, Joseph"]
[Black "Martinez Ramirez, Lennis"]
[WhiteFideId "36033561"]
[BlackFideId "3509079"]
[WhiteElo "2395"]
[BlackElo "2426"]
[Result "1-0"]
[Round "03"]
[TimeControl "180+2"]
[Date "2023.01.03"]
[WhiteClock "0:00:37"]
[BlackClock "0:00:12"]

1. d4 d5 2. c4 e6 3. Nf3 Nf6 4. Nc3 Bb4 5. cxd5 exd5 6. Bf4 O-O 7. e3 Ne4 8. Rc1 c5 9. dxc5 Nc6 10. Bd3 Bxc3+ 11. bxc3 Nxc5 12. Bb1 Bg4 13. O-O Bh5 14. c4 d4 15. exd4 Ne6 16. Be3 Ncxd4 17. Bxd4 Bxf3 18. Qd3 g6 19. Be5 Qxd3 20. Bxd3 Rfd8 21. Bb1 Bc6 22. Bf6 Rd7 23. Rfd1 Nc5 24. f3 Re8 25. Kf2 Re6 26. Bc3 b6 27. h4 f6 28. h5 Kf7 29. hxg6+ hxg6 30. Rxd7+ Bxd7 31. Rh1 Kg7 32. g4 Kf7 33. Rh7+ Kg8 34. Bxg6 Rd6 35. g5 Nd3+ 36. Kg3 Ne5 37. Be4 Bc6 38. Bxe5 fxe5 39. Rh6 Rxh6 40. gxh6 Bd7 41. Kh4 Be6 42. Bd5 Bxd5 43. cxd5 Kh7 44. d6 Kxh6 45. d7 Kg6 46. d8=Q Kf5 47. Qd6 Kf4 48. Qd5 Ke3 49. Qe4+ Kd2 50. Qxe5 Kc2 51. f4 Kb1 52. f5 Kxa2 53. f6 b5 54. f7 b4 55. f8=Q b3 56. Qf2+ Kb1 57. Qfb2# 1-0


[Site "https://www.chess.com"]

[Event "Titled Tuesday Blitz January 03 Late 2023"]
[White "Chor, Kevin"]
[Black "Pakleza, Zbigniew"]
[WhiteFideId "2090740"]
[BlackFideId "1119290"]
[WhiteElo "1944"]
[BlackElo "2494"]
[Result "1-0"]
[Round "03"]
[TimeControl "180+2"]
[Date "2023.01.03"]
[WhiteClock "0:00:03"]
[BlackClock "0:00:01"]

1. e4 d6 2. d4 Nf6 3. Nc3 c6 4. f4 Qb6 5. Nf3 Bg4 6. Be2 Bxf3 7. Bxf3 e5 8. fxe5 dxe5 9. dxe5 Nfd7 10. e6 fxe6 11. Qe2 Na6 12. Bg4 Nac5 13. a3 a5 14. b3 Be7 15. Be3 Qc7 16. O-O Bf6 17. Rxf6 Nxf6 18. Bh5+ g6 19. Bxc5 Qe5 20. Qf2 Nxe4 21. Bd4 Nxf2 22. Bxe5 O-O 23. Bf3 g5 24. Kxf2 g4 25. Ne4 gxf3 26. gxf3 Kf7 27. Nd6+ Ke7 28. Nxb7 Rg8 29. Nc5 Rg5 30. Bd6+ Kf7 31. Ne4 Rh5 32. Rd1 e5 33. Kg2 Rg8+ 34. Ng3 Ke6 35. Bc5 Rhg5 36. Be3 R5g6 37. c4 h5 38. Kh3 h4 39. Kxh4 1-0


[Site "https://www.chess.com"]

[Event "Titled Tuesday Blitz January 03 Late 2023"]
[White "Dimitrov, Atanas"]
[Black "Perske, Thore"]
[WhiteFideId "2901315"]
[BlackFideId "12902195"]
[WhiteElo "2269"]
[BlackElo "2448"]
[Result "0-1"]
[Round "03"]
[TimeControl "180+2"]
[Date "2023.01.03"]
[WhiteClock "0:00:09"]
[BlackClock "0:00:11"]

1. Nf3 Nf6 2. c4 c6 3. Nc3 d5 4. e3 e6 5. b3 Bd6 6. Bb2 O-O 7. Be2 e5 8. d3 Bg4 9. h3 Bxf3 10. Bxf3 Bc7 11. cxd5 cxd5 12. O-O Nc6 13. a3 Re8 14. b4 a6 15. Rc1 Qd7 16. Na4 Rad8 17. Nc5 Qc8 18. Nxa6 bxa6 19. Rxc6 e4 20. Rxf6 gxf6 21. Bg4 f5 22. Bh5 Be5 23. Bxe5 Rxe5 24. Qe2 Re6 25. dxe4 dxe4 26. Kh1 Rc6 27. Qa2 Qe6 28. Qb2 Rdc8 29. Kh2 Qh6 30. Bd1 Rc1 31. Qe5 Rd8 32. Be2 Rxf1 33. Bxf1 Qd6 34. Qxd6 Rxd6 35. b5 a5 36. Kg3 Kg7 37. Bc4 Kf6 38. a4 Ke5 39. Bxf7 Rd3 40. Be8 Ra3 41. b6 Kd6 42. Bb5 Ra2 43. f3 Rb2 44. Be8 Rxb6 45. Kf4 exf3 46. gxf3 Rb3 47. Bb5 Rc3 48. h4 Ke6 49. Kg5 Rxe3 50. f4 Rg3+ 51. Kh5 Rg4 52. Bc4+ Kf6 53. Be2 Rxf4 54. Bd1 Rd4 55. Bb3 Rb4 56. Bc2 Rb2 57. Bd1 Ke5 58. Bf3 Kf4 59. Bc6 Kg3 60. Kg5 f4 61. h5 f3 62. Bxf3 Kxf3 63. Kh6 Rb4 64. Kxh7 Rxa4 65. Kg6 Rh4 66. Kg5 Rxh5+ 67. Kxh5 a4 68. Kg5 a3 69. Kf6 a2 70. Ke7 a1=Q 71. Kd8 Qe5 72. Kd7 Qf6 73. Kc7 Qe6 74. Kb8 Qd7 75. Ka8 Ke4 76. Kb8 Kd5 77. Ka8 Kc6 0-1


[Site "https://www.chess.com"]

[Event "Titled Tuesday Blitz January 03 Late 2023"]
[White "Cruz Mendez, Jean Marco"]
[Black "Goryachkina, Aleksandra"]
[WhiteFideId "3526402"]
[BlackFideId "4147103"]
[WhiteElo "2270"]
[BlackElo "2571"]
[Result "0-1"]
[Round "03"]
[TimeControl "180+2"]
[Date "2023.01.03"]
[WhiteClock "0:00:19"]
[BlackClock "0:00:33"]

1. e4 c5 2. Nf3 e6 3. d4 cxd4 4. Nxd4 Nf6 5. Nc3 Nc6 6. Bf4 Bc5 7. Ndb5 O-O 8. e5 a6 9. Nd6 Ne8 10. Nde4 Be7 11. Bd3 f5 12. exf6 Nxf6 13. Ng5 e5 14. Bg3 d5 15. O-O h6 16. Nh3 Bxh3 17. gxh3 Qd7 18. Kg2 Rad8 19. f3 Nh5 20. Re1 Nf4+ 21. Bxf4 Rxf4 22. Qe2 Rh4 23. Nxd5 Qxd5 0-1


[Site "https://www.chess.com"]

[Event "Titled Tuesday Blitz January 03 Late 2023"]
[White "Chen, Justin"]
[Black "Martinez Reyes, Pedro Ramon"]
[WhiteFideId "2098199"]
[BlackFideId "3901807"]
[WhiteElo "2333"]
[BlackElo "2376"]
[Result "1-0"]
[Round "03"]
[TimeControl "180+2"]
[Date "2023.01.03"]
[WhiteClock "0:00:07"]
[BlackClock "0:00:10"]

1. c4 Nf6 2. Nc3 g6 3. g3 Bg7 4. Bg2 O-O 5. d4 c5 6. dxc5 Na6 7. Nf3 Nxc5 8. O-O d6 9. Be3 Be6 10. b3 Qa5 11. Bd2 Qa6 12. Rc1 Nfe4 13. Nxe4 Nxe4 14. Ng5 Nxg5 15. Bxg5 Qxa2 16. Bxe7 Rfe8 17. Qxd6 Qxb3 18. Rb1 Qxc4 19. Bxb7 Rab8 20. Ba6 Rxb1 21. Bxc4 Rxf1+ 22. Kxf1 Bxc4 23. Qd7 Rb8 24. Qc7 Rb1+ 25. Kg2 Bd5+ 26. f3 f5 27. Qd8+ Kf7 28. Bc5 Bc6 29. Qc7+ Kg8 30. Qxc6 Rb8 31. Bxa7 Rf8 32. Bc5 Rf7 33. Qe8+ Bf8 34. h4 Kg7 35. Bxf8+ Rxf8 36. Qe5+ Kg8 37. h5 gxh5 38. Kh3 Rf7 39. Kh4 f4 40. gxf4 h6 41. Kxh5 Kh7 42. Qe4+ Kg8 43. Qg6+ Kh8 44. Qxh6+ Kg8 45. Kg4 Rg7+ 46. Qxg7+ Kxg7 47. f5 Kf6 48. e4 Ke5 49. Kg5 Kd6 50. f6 Ke6 51. Kg6 Kd7 52. f7 Ke7 53. Kg7 Ke6 54. f8=Q Ke5 55. Qf5+ Kd6 56. Qd5+ Ke7 57. e5 Ke8 58. Kf6 Kf8 59. Qf7# 1-0


[Site "https://www.chess.com"]

[Event "Titled Tuesday Blitz January 03 Late 2023"]
[White "Nazari, Arad"]
[Black "Vega Gutierrez, Sabrina"]
[WhiteFideId "12577324"]
[BlackFideId "2219026"]
[WhiteElo "2367"]
[BlackElo "2377"]
[Result "1-0"]
[Round "03"]
[TimeControl "180+2"]
[Date "2023.01.03"]
[WhiteClock "0:00:14"]
[BlackClock "0:00:01"]

1. e4 c5 2. Nf3 e6 3. b3 b6 4. d4 cxd4 5. Nxd4 Bb7 6. Nd2 Nc6 7. Nxc6 Bxc6 8. Bb2 d5 9. Bd3 dxe4 10. Nxe4 Bb4+ 11. c3 Be7 12. O-O Nf6 13. Re1 O-O 14. Qc2 Nxe4 15. Bxe4 Bxe4 16. Rxe4 Bf6 17. Rd1 Qe7 18. Ra4 Rfd8 19. h3 Rxd1+ 20. Qxd1 Rd8 21. Qe2 Qc7 22. Rc4 Qd7 23. Bc1 Qd1+ 24. Qxd1 Rxd1+ 25. Kh2 Be5+ 26. g3 g6 27. Bh6 Rd8 28. Rc6 Bg7 29. Bg5 f6 30. Be3 Rd7 31. Rxe6 f5 32. c4 Kf7 33. Rc6 Bf6 34. Kg2 h5 35. a4 Be7 36. c5 bxc5 37. Bxc5 Bxc5 38. Rxc5 Rb7 39. Rc3 Kf6 40. f4 a5 41. Kf3 Rb6 42. h4 Ke6 43. Ke3 Kd5 44. Kd3 Rb4 45. Kc2 Ke4 46. Rc6 Kf3 47. Rxg6 Re4 48. Rg5 1-0


[Site "https://www.chess.com"]

[Event "Titled Tuesday Blitz January 03 Late 2023"]
[White "Jaferian, Koosha"]
[Black "Horcajuelo Rocamora, Martin"]
[WhiteFideId "12507440"]
[BlackFideId "24573027"]
[WhiteElo "2233"]
[BlackElo "2107"]
[Result "1-0"]
[Round "03"]
[TimeControl "180+2"]
[Date "2023.01.03"]
[WhiteClock "0:01:07"]
[BlackClock "0:01:31"]

1. c4 Nf6 2. Nc3 b6 3. e4 e5 4. d3 Bb7 5. g3 Bb4 6. Bg2 c6 7. Bd2 O-O 8. Nge2 d6 9. O-O Nbd7 10. f4 Bc5+ 11. Kh1 Ng4 12. Qe1 Ne3 13. Bxe3 Bxe3 14. f5 Nc5 15. Rd1 a5 16. Rf3 Bh6 17. g4 Bg5 18. Ng1 Rc8 19. Rh3 Nd7 20. Nf3 Bf4 21. Ne2 g5 22. Rh5 f6 23. h4 h6 24. Nxf4 exf4 25. Rxh6 Rf7 26. hxg5 fxg5 27. Nxg5 Qf8 28. Nxf7 Kxf7 29. Qh4 Ke8 30. Rh8 1-0


[Site "https://www.chess.com"]

[Event "Titled Tuesday Blitz January 03 Late 2023"]
[White "Kanakaris, Georgios"]
[Black "Paspuel, Trosky"]
[WhiteFideId "4209460"]
[BlackFideId "3602150"]
[WhiteElo "2391"]
[BlackElo "1721"]
[Result "1-0"]
[Round "03"]
[TimeControl "180+2"]
[Date "2023.01.03"]
[WhiteClock "0:00:23"]
[BlackClock "0:00:29"]

1. d4 Nf6 2. Nf3 e6 3. g3 b5 4. Bg5 Bb7 5. Nbd2 c5 6. e3 a6 7. a4 b4 8. Bd3 h6 9. Bxf6 Qxf6 10. O-O Qd8 11. c4 Be7 12. Nb3 d6 13. dxc5 dxc5 14. Qe2 O-O 15. Rfd1 Qc7 16. Ne1 Nd7 17. Qc2 Qc6 18. f3 f5 19. Na5 Qc7 20. Nxb7 Qxb7 21. Bf1 Ne5 22. f4 Ng4 23. Bg2 Qc7 24. Bxa8 Rxa8 25. Qe2 Nf6 26. Nd3 Ne4 27. Ne5 Bf6 28. Rd7 Qa5 29. Qh5 Bxe5 30. fxe5 Ng5 31. Qg6 Nf3+ 1-0


[Site "https://www.chess.com"]

[Event "Titled Tuesday Blitz January 03 Late 2023"]
[White "Skvortsov, Andrei"]
[Black "AidenRchess"]
[WhiteFideId "24108600"]
[WhiteElo "2313"]
[BlackElo "2398"]
[Result "0-1"]
[Round "03"]
[TimeControl "180+2"]
[Date "2023.01.03"]
[WhiteClock "0:00:14"]
[BlackClock "0:00:09"]

1. c4 Nf6 2. Nc3 d5 3. cxd5 Nxd5 4. Nf3 g6 5. Na4 Bg7 6. d4 Nb6 7. Nc3 Nd5 8. Na4 Nb6 9. Nc5 Nc6 10. e3 e5 11. Bb5 exd4 12. Nxd4 O-O 13. Nxc6 Qg5 14. Ne4 Qxb5 15. Ne7+ Kh8 16. Nxc8 Raxc8 17. Qe2 Qb4+ 18. Nd2 Rcd8 19. O-O a5 20. Rb1 a4 21. b3 Nd5 22. Bb2 Bxb2 23. Rxb2 a3 24. Rc2 Rfe8 25. g3 Nc3 26. Qc4 Qxc4 27. Nxc4 Nb5 28. Rfc1 Rd3 29. Na5 b6 30. Nc6 Re6 31. Nb4 Rd7 32. Kg2 c5 33. Na6 Ra7 34. Nxc5 bxc5 35. Rxc5 Nd6 36. Rc7 Rxc7 37. Rxc7 Kg7 38. Rc5 f5 39. Ra5 Kf6 40. Ra6 Ne4 41. Rxa3 h5 42. Ra4 Nc3 43. Ra5 Re5 44. Rxe5 Kxe5 45. f3 Nxa2 46. Kf2 Kd5 47. Ke2 Nc1+ 48. Kf2 Nxb3 49. h3 Nc5 50. Ke2 Ne6 51. Kd3 Nc5+ 52. Ke2 Nd7 53. g4 hxg4 54. fxg4 fxg4 55. hxg4 Ne5 56. g5 Nf7 57. Kf3 Nxg5+ 58. Kf4 Ne6+ 59. Kg4 Ke5 60. Kf3 g5 61. Kg3 Ke4 62. Kf2 Ng7 63. Ke2 Nf5 64. Kf2 Nxe3 65. Kg3 g4 66. Kf2 Kf4 67. Ke2 g3 68. Ke1 g2 69. Kf2 Kg4 70. Kg1 Kh3 71. Kf2 Kh2 0-1


[Site "https://www.chess.com"]

[Event "Titled Tuesday Blitz January 03 Late 2023"]
[White "Zhao, Erick"]
[Black "Finkelstein, Alan"]
[WhiteFideId "30946930"]
[BlackFideId "30950961"]
[WhiteElo "2275"]
[BlackElo "2152"]
[Result "1-0"]
[Round "03"]
[TimeControl "180+2"]
[Date "2023.01.03"]
[WhiteClock "0:00:15"]
[BlackClock "0:00:03"]

1. e4 c5 2. Nf3 e6 3. c3 Nc6 4. d4 d5 5. exd5 Qxd5 6. Bb5 cxd4 7. Bxc6+ Qxc6 8. cxd4 Nf6 9. O-O Bd6 10. Nc3 O-O 11. Bg5 Ne4 12. Rc1 Nxg5 13. Nxg5 Be7 14. d5 Qd7 15. Qh5 Bxg5 16. Qxg5 f6 17. dxe6 Qxe6 18. Qg3 Bd7 19. Rfe1 Qf7 20. h4 Bc6 21. b3 Rfe8 22. Ne2 Re4 23. Nf4 Rae8 24. Rxe4 Rxe4 25. Rd1 Qe8 26. Kh2 Qe5 27. Rd8+ Kf7 28. Nd3 Rxh4+ 29. Kg1 Qxg3 30. fxg3 Re4 31. Kf2 Re7 32. Nb4 Be4 33. Ra8 a6 34. Ra7 Rd7 35. Nxa6 f5 36. Nc5 Rd2+ 37. Ke3 Rxg2 38. Nxe4 fxe4 39. Rxb7+ Kg6 40. Kxe4 Rxa2 41. Kf4 Rb2 42. Rb6+ Kh5 43. g4+ Kh4 44. Rb7 Rf2+ 45. Ke3 Rg2 46. Rxg7 Rg3+ 47. Kf4 Kh3 48. Rxh7+ Kg2 49. Rb7 Kf2 50. g5 Rf3+ 51. Kg4 Rg3+ 52. Kh5 Kf3 53. Rb4 Ke3 54. g6 Kd3 55. Rg4 1-0


[Site "https://www.chess.com"]

[Event "Titled Tuesday Blitz January 03 Late 2023"]
[White "Corredor Castellanos, Camilo"]
[Black "Leiva, Gianmarco"]
[WhiteFideId "4425871"]
[BlackFideId "3804399"]
[WhiteElo "1957"]
[BlackElo "2392"]
[Result "0-1"]
[Round "03"]
[TimeControl "180+2"]
[Date "2023.01.03"]
[WhiteClock "0:00:15"]
[BlackClock "0:00:13"]

1. d4 Nf6 2. c4 e6 3. Nf3 d5 4. Nc3 Be7 5. g3 Nbd7 6. Bg2 O-O 7. cxd5 exd5 8. O-O c6 9. Ne5 Nxe5 10. dxe5 Ng4 11. Bf4 g5 12. h3 gxf4 13. hxg4 fxg3 14. fxg3 Bc5+ 15. Kh2 Qg5 16. Rf4 Bxg4 17. Bh3 Bh5 18. Rf5 Qh6 19. Rf6 Bg6 20. Qf1 Rae8 21. Qf4 Qh5 22. Rf1 Qxe5 23. Qh6 Be3 24. R6f4 d4 25. Nd1 Bxf4 26. gxf4 Qg7 27. Qh4 Rxe2+ 28. Nf2 f5 29. Kh1 Qe7 30. Qh6 Re8 31. Bg2 Qe3 32. Nh3 Qg3 33. Rg1 d3 34. Bd5+ cxd5 35. Rxg3 d2 36. Rd3 Re1+ 37. Kh2 R8e2+ 38. Kg3 Re3+ 39. Rxe3 Rxe3+ 40. Kh4 Rxh3+ 41. Kxh3 d1=Q 42. Qg5 Qg4+ 43. Qxg4 fxg4+ 44. Kxg4 Bb1 45. f5 Bxa2 46. Kf4 Kf7 47. Ke5 h5 48. f6 h4 49. Kf4 Kxf6 50. Kg4 Ke5 51. Kxh4 Ke4 52. Kg5 d4 53. Kg6 d3 54. Kf6 d2 0-1


[Site "https://www.chess.com"]

[Event "Titled Tuesday Blitz January 03 Late 2023"]
[White "Duda, Jan-Krzysztof"]
[Black "Roberson, Peter T"]
[WhiteFideId "1170546"]
[BlackFideId "412384"]
[WhiteElo "2724"]
[BlackElo "2430"]
[Result "1-0"]
[Round "03"]
[TimeControl "180+2"]
[Date "2023.01.03"]
[WhiteClock "0:00:29"]
[BlackClock "0:00:03"]

1. d4 d5 2. Nf3 Nf6 3. c4 c6 4. g3 e6 5. Bg2 Nbd7 6. O-O Be7 7. b3 O-O 8. Bb2 a5 9. Nc3 b6 10. Ne5 Bb7 11. e4 Nxe5 12. dxe5 Nxe4 13. Nxe4 dxe4 14. Bxe4 Qc7 15. Qd3 g6 16. Qf3 Rab8 17. h4 c5 18. Rae1 Bxe4 19. Rxe4 Rbd8 20. h5 Rd2 21. Bc1 Rd4 22. Be3 Rxe4 23. Qxe4 Rd8 24. Kg2 Qd7 25. Rh1 Bf8 26. Bg5 Qd3 27. Qg4 Rd4 28. Qf3 Qxf3+ 29. Kxf3 Bg7 30. Be3 Rd7 31. Ke4 Kf8 32. h6 Bh8 33. f4 Ke7 34. Rb1 f6 35. a3 Ra7 36. g4 Ra6 37. g5 fxe5 38. fxe5 a4 39. b4 cxb4 40. Rxb4 Ra5 41. Rb5 Rxb5 42. cxb5 Kd7 43. Bxb6 Kc8 44. Bd4 Kb7 45. Kd3 Kc7 46. Kc4 Kb7 47. Kb4 Bxe5 48. Bxe5 1-0


[Site "https://www.chess.com"]

[Event "Titled Tuesday Blitz January 03 Late 2023"]
[White "Brodowski, Piotr"]
[Black "Deac, Bogdan-Daniel"]
[WhiteFideId "1124480"]
[BlackFideId "1226380"]
[WhiteElo "2457"]
[BlackElo "2700"]
[Result "0-1"]
[Round "03"]
[TimeControl "180+2"]
[Date "2023.01.03"]
[WhiteClock "0:00:17"]
[BlackClock "0:00:31"]

1. c4 c5 2. Nc3 g6 3. g3 Bg7 4. Bg2 Nc6 5. a3 e6 6. h4 Nge7 7. d3 d5 8. cxd5 exd5 9. h5 Be6 10. Nf3 f6 11. h6 Bf8 12. d4 c4 13. e4 Qd7 14. Bf4 g5 15. Be3 O-O-O 16. e5 fxe5 17. Nxg5 Kb8 18. Nxe6 Qxe6 19. Bh3 Qg6 20. Qg4 exd4 21. Bf4+ Ka8 22. Nb5 Qe4+ 23. Kd2 Qd3+ 24. Kc1 a6 25. Nc7+ Ka7 26. Rd1 Qb3 27. Ne6 c3 28. Qe2 Re8 29. Qc2 cxb2+ 30. Qxb2 Qc4+ 31. Kb1 Ng6 32. Bf1 Qa4 33. Nxd4 Qxd1+ 34. Ka2 Qxd4 0-1


[Site "https://www.chess.com"]

[Event "Titled Tuesday Blitz January 03 Late 2023"]
[White "Bortnyk, Olexandr"]
[Black "Defend, Balint"]
[WhiteFideId "14120828"]
[BlackFideId "17004853"]
[WhiteElo "2605"]
[BlackElo "1673"]
[Result "1-0"]
[Round "03"]
[TimeControl "180+2"]
[Date "2023.01.03"]
[WhiteClock "0:02:33"]
[BlackClock "0:02:00"]

1. e4 c5 2. c3 d5 3. exd5 Qxd5 4. d4 Nc6 5. Be3 cxd4 6. cxd4 e5 7. Nc3 Bb4 8. Nf3 e4 9. Nd2 Qf5 10. d5 Bxc3 11. dxc6 Bxd2+ 12. Qxd2 bxc6 13. Qc3 Bd7 14. Qxg7 Qf6 15. Bd4 1-0


[Site "https://www.chess.com"]

[Event "Titled Tuesday Blitz January 03 Late 2023"]
[White "Jobava, Baadur"]
[Black "Hnydiuk, Aleksander"]
[WhiteFideId "13601520"]
[BlackFideId "1109057"]
[WhiteElo "2578"]
[BlackElo "2363"]
[Result "1-0"]
[Round "03"]
[TimeControl "180+2"]
[Date "2023.01.03"]
[WhiteClock "0:01:18"]
[BlackClock "0:01:09"]

1. d4 Nf6 2. Bg5 d5 3. Bxf6 gxf6 4. e3 c5 5. dxc5 e6 6. g3 Bxc5 7. Bg2 Nc6 8. Ne2 Qb6 9. O-O Qxb2 10. Nd2 Qb6 11. c4 dxc4 12. Nxc4 Qc7 13. Rc1 O-O 14. Nf4 Kh8 15. Qh5 Qe7 16. Be4 f5 17. Bxc6 bxc6 18. Ne5 1-0


[Site "https://www.chess.com"]

[Event "Titled Tuesday Blitz January 03 Late 2023"]
[White "gshwbedhkhd"]
[Black "Shimanov, Aleksandr"]
[BlackFideId "4198603"]
[WhiteElo "2511"]
[BlackElo "2581"]
[Result "0-1"]
[Round "03"]
[TimeControl "180+2"]
[Date "2023.01.03"]
[WhiteClock "0:00:02"]
[BlackClock "0:01:35"]

1. e4 e6 2. d4 d5 3. Bd3 Nf6 4. e5 Nfd7 5. f4 c5 6. c3 b6 7. Nf3 g6 8. O-O Ba6 9. Na3 Bxd3 10. Qxd3 c4 11. Qe2 Bxa3 12. bxa3 Nc6 13. a4 Qe7 14. Rb1 O-O-O 15. Qf2 h6 16. Qh4 Qf8 17. Nd2 Rg8 18. Qf2 Qe7 19. Rb5 f5 20. Nb1 g5 21. Ba3 Qg7 22. Bd6 gxf4 23. Na3 Qg4 24. Rfb1 Nf6 25. a5 Ne4 26. Qc2 f3 27. axb6 f2+ 28. Qxf2 Nxf2 29. b7+ Kd7 0-1


[Site "https://www.chess.com"]

[Event "Titled Tuesday Blitz January 03 Late 2023"]
[White "Melkumyan, Hrant"]
[Black "Andreev, Eduard"]
[WhiteFideId "13302485"]
[BlackFideId "14103400"]
[WhiteElo "2645"]
[BlackElo "2413"]
[Result "1-0"]
[Round "03"]
[TimeControl "180+2"]
[Date "2023.01.03"]
[WhiteClock "0:01:11"]
[BlackClock "0:00:15"]

1. d4 Nf6 2. c4 g6 3. Nc3 d5 4. Nf3 Bg7 5. h4 c6 6. cxd5 cxd5 7. Bf4 Nc6 8. e3 Bf5 9. Qb3 Na5 10. Bb5+ Bd7 11. Qa4 Nc6 12. Ne5 a6 13. Bxc6 bxc6 14. Rc1 Qb6 15. Qa3 a5 16. Nd3 Bf5 17. Na4 Qb5 18. Ne5 Qb4+ 19. Qxb4 axb4 20. b3 Nh5 21. Bh2 Bxe5 22. Bxe5 f6 23. Bh2 Bd7 24. f3 e6 25. Bd6 Rb8 26. Bxb8 Ke7 27. Ba7 Ra8 28. Bc5+ Kf7 29. Kf2 Ng7 30. g4 h6 31. Bxb4 h5 32. gxh5 Nxh5 33. Rc2 e5 34. Nb6 Ra7 35. Nxd7 Rxd7 36. Rxc6 exd4 37. exd4 Nf4 38. Bd2 Ne6 39. Rxe6 Kxe6 40. a4 Kf5 41. a5 Rb7 42. b4 1-0


[Site "https://www.chess.com"]

[Event "Titled Tuesday Blitz January 03 Late 2023"]
[White "Svane, Rasmus"]
[Black "Cadena M, Gustavo Adolfo"]
[WhiteFideId "4657101"]
[BlackFideId "4404815"]
[WhiteElo "2623"]
[BlackElo "2195"]
[Result "1-0"]
[Round "03"]
[TimeControl "180+2"]
[Date "2023.01.03"]
[WhiteClock "0:00:12"]
[BlackClock "0:00:02"]

1. Nf3 d5 2. g3 Nf6 3. Bg2 c6 4. O-O Bf5 5. c4 e6 6. Qb3 Qb6 7. d3 Nbd7 8. cxd5 exd5 9. Qc2 Be7 10. Nc3 O-O 11. e4 dxe4 12. dxe4 Bg6 13. Be3 Qc7 14. Nh4 Bc5 15. Bf4 Qa5 16. a3 Be7 17. Rad1 Rfd8 18. h3 Nf8 19. Be3 Ne6 20. f4 Nh5 21. Nxg6 hxg6 22. g4 Nf6 23. e5 Nh7 24. Ne4 g5 25. fxg5 Nhxg5 26. Nxg5 Bxg5 27. Bxg5 Nxg5 28. Qf5 Rxd1 29. Rxd1 Qc5+ 30. Kh1 Ne6 31. Rd7 Rf8 32. Rxb7 Qc1+ 33. Kh2 g6 34. Qf2 Nf4 35. Rc7 Nxg2 36. Kxg2 Qc4 37. Rxa7 Qd5+ 38. Kg1 Qxe5 39. Rd7 Qe4 40. Rd4 Qb1+ 41. Kg2 Re8 42. Qd2 Kh7 43. Rf4 Qa2 44. Qd4 Re2+ 45. Rf2 Rxf2+ 46. Kxf2 Qb3 47. Qc3 Qe6 48. a4 Qd6 49. a5 Qh2+ 50. Ke1 Qg1+ 51. Kd2 Qf2+ 52. Kc1 Qf1+ 53. Kc2 Qe2+ 54. Kb3 Qb5+ 55. Ka3 c5 56. b3 Kh6 57. Qd2+ Kh7 58. h4 Kg8 59. Qc3 Kh7 60. Qd2 c4 61. Qb4 Qe5 62. bxc4 Qa1+ 63. Kb3 Qb1+ 64. Ka4 Qd1+ 65. Qb3 Qd7+ 66. Ka3 Qd6+ 67. Qb4 Qd3+ 68. Ka4 Qd7+ 69. Qb5 Qd1+ 70. Kb4 Qe1+ 71. Kc5 Qe3+ 72. Kc6 Qe4+ 73. Kb6 Qe6+ 74. Qc6 Qe3+ 75. c5 Qb3+ 76. Qb5 Qe3 77. a6 Qe7 78. a7 Qd8+ 79. Kb7 Qe7+ 80. Ka6 Qe6+ 81. c6 Qa2+ 82. Kb7 Qh2 83. a8=Q Qxh4 84. c7 Qxg4 85. c8=Q Qg2+ 86. Qcc6 Qe2 87. Qxe2 g5 88. Qh5+ Kg7 89. Qch6# 1-0


[Site "https://www.chess.com"]